 Dungeon Crawl Stone Soup version 0.20-a0-386-g2d247ea (webtiles) character file.

5060 RumaTero the Martial Artist (level 10, -16/53 HPs)
             Began as a Vine Stalker Monk on Dec 30, 2016.
             Was a Priest of Dithmenos.
             Demolished by a tengu warrior
             ... wielding a +0 battleaxe
              (21 damage)
             ... on level 10 of the Dungeon.
             The game lasted 00:30:24 (8243 turns).

RumaTero the Martial Artist (Vine Stalker Monk)     Turns: 8243, Time: 00:30:25

Health: -16/53     AC:  7    Str: 17    XL:     10   Next: 56%
Magic:  0/11       EV: 16    Int: 10    God:    Dithmenos [***...]
Gold:   267        SH:  0    Dex: 17    Spells: 9/9 levels left

rFire  . . .     SeeInvis .       - Unarmed
rCold  + . .     Gourm    .     F - +2 robe {MR+}
rNeg   . . .     Faith    .     (no shield)
rPois  +         Spirit   +     (no helmet)
rElec  .         Reflect  .     d - +1 cloak
rCorr  .         Harm     .     (no gloves)
MR     ++...                    v - +0 pair of boots
Stlth  +++.......               (no amulet)
                                H - ring of poison resistance
                                B - ring of protection from cold

@: about to teleport, wreathed by umbra
A: fangs 3, regeneration 1, magic shield, antimagic bite, no potion heal 3, rot
immunity
a: Shadow Step, Renounce Religion


You were on level 10 of the Dungeon.
You worshipped Dithmenos.
Dithmenos was most pleased with you.
You were not hungry.

You visited 2 branches of the dungeon, and saw 11 of its levels.
You also visited: Sewer.

You collected 489 gold pieces.
You spent 222 gold pieces at shops.

Inventory:

Missiles
 c - a throwing net (quivered)
Armour
 d - a +1 cloak (worn)
 v - a +0 pair of boots (worn)
 F - a +2 robe of magic resistance (worn)
Jewellery
 B - a ring of protection from cold (left hand)
 H - a ring of poison resistance (right hand)
Wands
 q - a wand of acid (8/15)
 E - a wand of iceblast (5/15)
Scrolls
 a - 2 scrolls of blinking
 f - 5 scrolls of remove curse
 G - 4 scrolls of identify
Potions
 e - a potion of beneficial mutation {unknown}
 g - a potion of resistance {unknown}
 h - 3 potions of curing
 l - a potion of might
 n - 2 potions of lignification
 p - 3 potions of cancellation
 r - a potion of mutation {unknown}
 s - 5 potions of flight
 t - a potion of invisibility
 z - 2 potions of brilliance
Books
 u - the Almanac of Displaced Execration
   (You found it on level 4 of the Dungeon)

   Spells                             Type                      Level
   a - Slow                           Hexes                        2
   b - Tukima's Dance                 Hexes                        3
   c - Force Lance                    Conjuration/Translocation    4
   d - Silence                        Hexes/Air                    5
   e - Invisibility                   Hexes                        6
Comestibles
 b - 4 bread rations
 i - 4 meat rations
 m - 2 slices of pizza
 o - 5 fruits
 J - a royal jelly


   Skills:
 + Level 6.7 Fighting
 + Level 3.5 Armour
 + Level 6.2 Dodging
 - Level 2.4 Stealth
 * Level 11.3 Unarmed Combat


You had 9 spell levels left.
You didn't know any spells.

Dungeon Overview and Level Annotations

Branches:
Dungeon (10/15)            Temple (1/1) D:5
   Lair: D:8-11         Orc: D:9-12

Altars:
Ashenzari
Cheibriados
Dithmenos
Elyvilon
Fedhas
Gozag
Hepliaklqana
Kikubaaqudgha
Makhleb
Nemelex Xobeh
Okawaru
Qazlal
Ru
Sif Muna
Trog
Uskayaw
Vehumet
Xom
Yredelemnul
Zin
The Shining One

Shops:
D:7 (   D:9 *

Annotations:
D:3 flinch's ghost, novice DrCK
D:6 5 runed doors
D:8 Joseph


Innate Abilities, Weirdness & Mutations

You have razor-sharp teeth.
Your natural rate of healing is unusually fast.
When hurt, damage is shared between your health and your magic reserves.
Your bite disrupts and absorbs the magic of your enemies.
Potions cannot restore your health.
You are immune to rotting.


Message History

The tengu warrior is heavily wounded.
You barely miss the tengu warrior.
The tengu warrior is heavily wounded.
The tengu warrior hits you with a battleaxe!
* * * LOW HITPOINT WARNING * * *
The tengu warrior pecks you but does no damage.
The tengu warrior claws you.
* * * LOW HITPOINT WARNING * * *
The tengu warrior hits you with a battleaxe!
* * * LOW HITPOINT WARNING * * *
The tengu warrior pecks you but does no damage.
The tengu warrior claws you.
* * * LOW HITPOINT WARNING * * *
Evoke which item? (* to show all) (? for menu, Esc to quit)
Okay, then.
Okay, then.
As you read the scroll of teleportation, it crumbles to dust.
You feel strangely unstable.
The tengu warrior hits you with a battleaxe!!
You die...

#.........######....##..#
#.........)+ ##....##... #
#####.##..##..##..########...
#.###..##.##..##..##..##.........
...............#..##..##.........
...............'....>.##....##...
##.##.##..##..##......##....#####
##+##.##..##..##..##..#.....##..#
..............##@###..#.....#....
...............#Q..#.#####..#....
...............#...'##PP%##.#....
....####.########.###P...%#.#####
########'# #..###.#.'...♣ #.##..#
#....#..........#....(#......
#>...#..........##..%##......
#....#...........#####.......
##...#..#..###.##.##.#####..#


You could see a tengu warrior.

Vanquished Creatures
  Pikel (D:7)
  A gargoyle (D:9)
  A centaur skeleton (D:10)
  Prince Ribbit (D:7)
  A hippogriff (D:5)
  2 wyverns (D:9)
  A hungry ghost (D:10)
  A porcupine (D:10)
  An orc warrior (D:9)
  2 sky beasts (D:9)
  2 slaves (D:7)
  3 black bears
  A necrophage (D:9)
  An ice beast (D:5)
  An eye of draining (D:9)
  2 phantoms
  A big kobold (Sewer)
  4 bullfrogs
  A gnoll sergeant (D:9)
  3 scorpions (D:10)
  7 wights
  2 howler monkeys (D:5)
  3 crimson imps
  A centaur zombie (D:8)
  8 hounds
  7 orc wizards
  4 orc priests
  An iguana (D:7)
  Ijyb (D:2)
  6 worker ants
  2 hound zombies
  11 gnolls
  A howler monkey skeleton (D:5)
  11 adders
  2 river rats
  A shadow imp (D:5)
  2 oozes
  An adder zombie (D:7)
  An adder skeleton (D:6)
  A worm (D:2)
  A dart slug (D:1)
  4 leopard geckos
  26 orcs
  6 giant cockroaches
  8 goblins
  6 hobgoblins
  6 jackals
  6 kobolds
  2 quokkas
  2 ball pythons
  4 bats
  3 frilled lizards
  13 rats
191 creatures vanquished.

Vanquished Creatures (others)
  An orc (D:3)
  A plant (D:9)
2 creatures vanquished.

Grand Total: 193 creatures vanquished

Notes
Turn   | Place    | Note
-------+----------+-------------------------------------------
     0 | D:1      | RumaTero the Vine Stalker Monk began the quest for the Orb.
     0 | D:1      | Reached XP level 1. HP: 11/11 MP: 2/2
   194 | D:1      | Reached XP level 2. HP: 16/16 MP: 3/3
   656 | D:1      | Reached skill level 4 in Unarmed Combat
   908 | D:2      | Reached XP level 3. HP: 10/19 MP: 2/4
  1203 | D:2      | Gained mutation: Your natural rate of healing is unusually fast. [Vine Stalker growth]
  1203 | D:2      | Reached XP level 4. HP: 14/23 MP: 2/5
  1345 | D:2      | Noticed Ijyb
  1364 | D:2      | Killed Ijyb
  1364 | D:2      | Reached skill level 5 in Unarmed Combat
  1686 | D:2      | Reached XP level 5. HP: 27/27 MP: 6/6
  1734 | D:2      | Found an opulent altar of Gozag.
  1734 | D:2      | Found a glowing silver altar of Zin.
  2021 | D:2      | Reached skill level 6 in Unarmed Combat
  2103 | D:3      | Noticed flinch's ghost (novice DrCK)
  2306 | D:3      | Found a glowing drain.
  2317 | Sewer    | Entered a sewer
  2410 | Sewer    | Noticed a big kobold
  2434 | Sewer    | Killed a big kobold
  2434 | Sewer    | Reached XP level 6. HP: 24/32 MP: 7/7
  2449 | Sewer    | Found a white marble altar of Elyvilon.
  2705 | D:4      | Identified the Almanac of Displaced Execration
  2982 | D:4      | Reached skill level 7 in Unarmed Combat
  2982 | D:4      | Reached XP level 7. HP: 36/36 MP: 8/8
  3022 | D:5      | Entered Level 5 of the Dungeon
  3142 | D:5      | Found a staircase to the Ecumenical Temple.
  3161 | Temple   | Entered the Ecumenical Temple
  3274 | Temple   | Became a worshipper of Dithmenos the Shadowed
  3274 | Temple   | Reached * piety under Dithmenos
  3274 | Temple   | Reached ** piety under Dithmenos
  4037 | D:6      | Noticed a hippogriff
  4048 | D:5      | Killed a hippogriff
  4048 | D:5      | Reached skill level 8 in Unarmed Combat
  4048 | D:5      | Gained mutation: You have razor-sharp teeth. [Vine Stalker growth]
  4048 | D:5      | Reached XP level 8. HP: 18/42 MP: 4/9
  4104 | D:6      | Found a runed door.
  4104 | D:6      | Found a runed gate.
  4114 | D:6      | Found a runed gate.
  4114 | D:6      | Found a runed gate.
  4122 | D:6      | Found a runed door.
  5238 | D:7      | Found Iwomp's Weapon Shoppe.
  5254 | D:7      | Noticed Prince Ribbit
  5270 | D:7      | Killed Prince Ribbit
  5270 | D:7      | Reached skill level 5 in Fighting
  5270 | D:7      | Reached skill level 9 in Unarmed Combat
  5371 | D:7      | Reached XP level 9. HP: 37/47 MP: 7/10
  5576 | D:7      | Noticed Pikel
  5660 | D:7      | Killed Pikel
  5660 | D:7      | Reached skill level 5 in Dodging
  6327 | D:8      | Noticed Joseph
  6451 | D:8      | Reached skill level 10 in Unarmed Combat
  6606 | D:8      | Noticed a white ugly thing
  6728 | D:9      | Reached skill level 1 in Armour
  6833 | D:9      | Noticed a gargoyle
  6867 | D:9      | Killed a gargoyle
  7016 | D:9      | Reached *** piety under Dithmenos
  7211 | D:9      | Found Wunuap's Assorted Antiques.
  7219 | D:9      | Bought a scroll of identify for 60 gold pieces
  7219 | D:9      | Bought a scroll labeled BECOIHUAMO for 30 gold pieces
  7219 | D:9      | Bought a blowgun for 75 gold pieces
  7219 | D:9      | Bought an orange potion for 27 gold pieces
  7219 | D:9      | Bought a scroll labeled JAIGEL PUYLU for 30 gold pieces
  7307 | D:9      | Reached XP level 10. HP: 52/53 MP: 11/11
  7612 | D:9      | Found a deep blue altar of Sif Muna.
  7612 | D:9      | Found a sparkling altar of Nemelex Xobeh.
  7612 | D:9      | Found an iron altar of Okawaru.
  7804 | D:10     | Entered Level 10 of the Dungeon
  7819 | D:10     | Reached skill level 11 in Unarmed Combat
  7959 | D:10     | Got a distressingly furry ring mail
  7960 | D:10     | Identified the cursed +0 ring mail "Gatyxt" {rF+ rN+} (You found it on level 10 of the Dungeon)
  8223 | D:10     | Noticed a tengu warrior
  8243 | D:10     | Demolished by a tengu warrior

Vault maps used:
D:1:      dpeg_arrival_tiny_i
D:2:      grunt_temple_overflow_gold_and_silver, uniq_iyjb
D:3:      gup_sewer_entry_bubbles, dk_yredelemnul_ordeal
D:4:      serial_shops, kennysheep_mini
D:5:      first_bread
D:6:      st_stairs_14, roderic_three_in_a_row,
          minmay_guarded_unrand_staff_of_olgreb
D:7:      serial_shops, nicolae_shop_behind_doors, uniq_pikel,
          uniq_prince_ribbit1
D:8:      lemuel_ratsnest, kennysheep_nub, uniq_joseph
D:9:      gammafunk_temple_overflow_forgotten, serial_shops,
          nicolae_shop_overgrown_old_shop
D:10:     grunt_lair_entry_orc_guard_hut, grunt_tengu_nest
Temple:   eino_temple_scatter_basement
Sewer:    sewer_kobolds

Skill      XL: |  1  2  3  4  5  6  7  8  9 10 |
---------------+-------------------------------+-----
Unarmed Combat | 4 5 6 7 8 9 10 11 | 11.3
Fighting       | 3 4 5 6 |  6.7
Dodging        | 3 4 5 6 |  6.2
Armour         | 2 3 |  3.5
Stealth        | |  2.4

Action                   |  1- 3 |  4- 6 |  7- 9 | 10-12 || total
-------------------------+-------+-------+-------+-------++-------
Melee: Unarmed           |    66 |   239 |   356 |   125 ||   786
       Bite              |    13 |    65 |   113 |    43 ||   234
       Punch             |       |     6 |    13 |     7 ||    26
Throw: Throwing net      |       |       |     3 |       ||     3
Evoke: Wand              |       |       |     4 |       ||     4
  Use: Scroll            |       |       |    23 |     2 ||    25
 Stab: Sleeping          |     4 |     7 |     5 |     3 ||    19
       Distracted        |       |     1 |       |     1 ||     2
  Eat: Chunk             |     1 |     6 |    12 |     3 ||    22
       Fruit             |       |       |     2 |       ||     2
Armor: Robe              |     9 |    40 |    21 |    23 ||    93
       Leather armour    |       |     1 |    21 |       ||    22
Dodge: Dodged            |    30 |   149 |   199 |    79 ||   457
